 Dungeon Crawl Stone Soup version 0.21.0-24-g2553a33 (webtiles) character file.

855 tidbits the Grave Robber (level 8, -2/57 HPs)
             Began as a Gnoll Necromancer on Jan 20, 2018.
             Was a Follower of Cheibriados.
             Slain by a hornet zombie (12 damage)
             ... on level 9 of the Dungeon.
             The game lasted 00:15:06 (1628 turns).

tidbits the Grave Robber (Gnoll Necromancer)        Turns: 1628, Time: 00:15:06

Health: -2/57      AC:  6    Str: 18    XL:     8   Next: 1%
Magic:  2/16       EV: 14    Int: 22    God:    Cheibriados [*.....]
Gold:   188        SH:  0    Dex: 17    Spells: 5/18 levels left

rFire    . . .     SeeInvis +   m - +0 mace (drain)
rCold    . . .     Gourm    .   (no shield)
rNeg     . . .     Faith    .   B - +2 robe {MR+}
rPois    .         Spirit   .   E - +0 helmet
rElec    .         Reflect  .   C - +0 cloak
rCorr    .         Harm     .   (no gloves)
MR       +....                  (no boots)
Stlth    +++.......             (no amulet)
HPRegen  1.19/turn              w - ring of see invisible
MPRegen  0.15/turn              W - ring of wizardry

@: mighty, very slightly contaminated, regenerating, heavily drained, very slow
A: distributed training, fangs 1, strong nose
a: Bend Time, Renounce Religion


You were on level 9 of the Dungeon.
You worshipped Cheibriados.
Cheibriados was aware of your devotion.
You were not hungry.

You visited 2 branches of the dungeon, and saw 10 of its levels.

You collected 188 gold pieces.

Inventory:

Hand Weapons
 a - a +1 short sword
 l - a +0 dagger
 m - a +0 mace of draining (weapon)
   (You found it on level 1 of the Dungeon)
 n - a +2 vampiric dagger
   (You took it off a goblin on level 2 of the Dungeon)
 s - a +0 quarterstaff
 y - a +0 hunting sling
Missiles
 o - 3 stones
 t - 11 tomahawks (quivered)
 v - 23 arrows
Armour
 j - a +0 robe
 B - a +2 robe of magic resistance (worn)
   (You took it off Dowan on level 5 of the Dungeon)
 C - a +0 cloak (worn)
 E - a +0 helmet (worn)
Jewellery
 w - a ring of see invisible (left hand)
   (You found it on level 4 of the Dungeon)
 W - a ring of wizardry (right hand)
   (You found it on level 4 of the Dungeon)
Wands
 d - a wand of digging (5)
Scrolls
 f - a scroll of blinking {unknown}
 g - 7 scrolls of identify
 k - 2 scrolls of fear {unknown}
 p - a scroll of enchant weapon
 q - 2 scrolls of amnesia
 r - 2 scrolls of remove curse {unknown}
 x - 2 scrolls of fog {unknown}
 A - a scroll of enchant armour {unknown}
Potions
 i - 2 potions of haste
 u - a potion of resistance
Books
 b - a book of Necromancy

   Spells                             Type                      Level
   a - Pain                           Necromancy                   1
   b - Animate Skeleton               Necromancy                   1
   c - Vampiric Draining              Necromancy                   3
   d - Regeneration                   Charms/Necromancy            3
   e - Animate Dead                   Necromancy                   4
   f - Borgnjor's Vile Clutch         Necromancy/Earth             5
Comestibles
 c - 10 rations


   Skills:
 + Level 2.8(1.6) Fighting
 + Level 2.8(1.6) Short Blades
 + Level 2.8(1.6) Long Blades
 + Level 2.8(1.6) Axes
 + Level 2.8(1.6) Maces & Flails
 + Level 2.8(1.6) Polearms
 + Level 2.8(1.6) Staves
 + Level 2.8(1.6) Slings
 + Level 2.8(1.6) Bows
 + Level 2.8(1.6) Crossbows
 + Level 2.8(1.6) Throwing
 + Level 2.8(1.6) Armour
 + Level 5.4(4.1) Dodging
 + Level 5.1(3.8) Stealth
 + Level 2.8(1.6) Shields
 + Level 2.8(1.6) Unarmed Combat
 + Level 5.8(4.4) Spellcasting
 + Level 2.2(1.0) Conjurations
 + Level 2.2(1.0) Hexes
 + Level 2.2(1.0) Charms
 + Level 2.2(1.0) Summonings
 + Level 7.5(6.1) Necromancy
 + Level 2.2(1.0) Translocations
 + Level 2.2(1.0) Transmutations
 + Level 2.2(1.0) Fire Magic
 + Level 2.2(1.0) Ice Magic
 + Level 2.2(1.0) Air Magic
 + Level 2.2(1.0) Earth Magic
 + Level 2.2(1.0) Poison Magic
 + Level 3.1(1.9) Invocations
 + Level 2.8(1.6) Evocations


You had 5 spell levels left.
You knew the following spells:

 Your Spells              Type           Power        Failure   Level  Hunger
a - Pain                  Necr           ####         1%          1    None
d - Vampiric Draining     Necr           ####......   1%          3    ##.....
n - Animate Skeleton      Necr           N/A          1%          1    None
r - Regeneration          Chrm/Necr      ###.......   2%          3    ##.....
v - Borgnjor's Vile Clut  Necr/Erth      ###.......   26%         5    ######.


Dungeon Overview and Level Annotations

Branches:
Dungeon (9/15)             Temple (1/1) D:4
   Lair: D:8-11         Orc: D:9-12

Altars:
Ashenzari
Cheibriados
Dithmenos
Fedhas
Gozag
Kikubaaqudgha
Makhleb
Qazlal
Ru
Trog
Wu Jian
Xom

Annotations:
D:5 exclusion: ice beast
D:8 exclusion: death yak


Innate Abilities, Weirdness & Mutations

Your experience applies equally to all skills.
You have very sharp teeth.
Your uncanny sense of smell can sniff out nearby items.


Message History

Okay, then.
Casting: Regeneration
Confirm with . or Enter, or press ? or * to list all spells.
Aiming: Borgnjor's Vile Clutch
Press: ? - help, Dir - move target cursor Decaying hands burst forth from the earth!
Zombie hands grab the wight. x2
The zombie hands constrict the wight, but do no damage.
The zombie hands constrict the wight.
The wight struggles to escape constriction.
The wight hits you with a short sword.
Unknown command.
Wield which item (- for none, * to show all)? (? for menu, Esc to quit)
You sense an unholy aura.
m - a +0 mace of draining (weapon)
The zombie hands constrict the wight. x2
The wight struggles to escape constriction.
Unknown command.
You hit the wight. You bite the wight.
The wight is severely damaged.
The zombie hands constrict the wight!
You destroy the wight!
Cheibriados thoroughly appreciates the change of pace.
Your base Invocations skill increases to level 3!
The zombie hands constrict the wight.
You destroy the wight!
Cheibriados appreciates the change of pace.
Your life force feels restored.
The wight hits you from afar with an enchanted spear.
You feel drained.
Casting: Borgnjor's Vile Clutch
Confirm with . or Enter, or press ? or * to list all spells.
You don't have enough magic to cast that spell.
Okay, then.
As you read the scroll labeled GAMACZ DEIMYR, it crumbles to dust.
It is a scroll of amnesia.
Okay, then.
The wight completely misses you.
Unknown command.
Unknown command.
The wight misses you.
Unknown command.
You hit the wight but do no damage. The wight hits you but does no damage.
Wield which item (- for none, * to show all)? (? for menu, Esc to quit)
Okay, then.
You barely miss the wight. The wight barely misses you. x2
You hit the wight.
The wight is lightly damaged.
The wight barely misses you.
You closely miss the wight.
The wight is lightly damaged.
The wight hits you with an enchanted spear.
You feel drained.
You hit the wight. You bite the wight.
The wight is severely damaged.
The wight hits you but does no damage.
You hit the wight but do no damage.
The wight is severely damaged.
The wight hits you with an enchanted spear.
You feel drained.
The wight hits you with an enchanted spear!
You barely miss the wight.
The wight is severely damaged.
The wight hits you with an enchanted spear!
* * * LOW HITPOINT WARNING * * *
You feel drained.
* * * LOW HITPOINT WARNING * * *
You hit the wight.
The wight is severely damaged.
The wight hits you with an enchanted spear.
* * * LOW HITPOINT WARNING * * *
You closely miss the wight.
The wight is severely damaged.
The wight hits you but does no damage.
The wight hits you with an enchanted spear.
* * * LOW HITPOINT WARNING * * *
You hit the wight but do no damage.
The wight is severely damaged.
The wight closely misses you.
You feel very mighty all of a sudden.
The wight hits you with an enchanted spear!
* * * LOW HITPOINT WARNING * * *
You feel drained.
* * * LOW HITPOINT WARNING * * *
You thump the wight!
You destroy the wight!
Cheibriados appreciates the change of pace.
You have reached level 8!
You feel clever.
Casting: Borgnjor's Vile Clutch
Confirm with . or Enter, or press ? or * to list all spells.
Your skin crawls.
A hornet zombie comes into view.
Unknown command.
You completely miss the hornet zombie.
The hornet zombie hits you but does no damage.
You thump the hornet zombie! You bite the hornet zombie!
The hornet zombie is moderately damaged.
The hornet zombie hits you!
You die...

########### #####+###
#.......... #.......#
#..........
#.......#####.......<..
#.......##.............
#.......#..##..........
#.......#.###..........
#...(...'.# #..........
#...)Z@.### #..........
####'#### #....>.....
#).# #.......... ##.#
###.####### .# #.. z#
### .# .# .#


You could see a hornet zombie.

Vanquished Creatures
  A hungry ghost (D:8)
  Duvessa (D:5)
  An ice beast (D:8)
  Dowan (D:5)
  A water moccasin skeleton (D:5)
  4 wights
  A howler monkey (D:5)
  A crimson imp (D:5)
  A bullfrog skeleton (D:9)
  3 worker ants
  A killer bee zombie (D:7)
  2 adders
  A shadow imp (D:8)
  An adder zombie (D:9)
  A worm (D:4)
  2 leopard geckos
  2 orcs
  A giant cockroach (D:8)
  3 hobgoblins
  5 quokkas
  2 bats
  2 frilled lizards
  A giant cockroach zombie (D:6)
  3 goblins
  A jackal skeleton (D:8)
  3 kobolds
  A leopard gecko skeleton (D:9)
  3 rats
50 creatures vanquished.

Vanquished Creatures (collateral kills)
  A goblin (D:2)
1 creature vanquished.

Grand Total: 51 creatures vanquished

Notes
Turn   | Place    | Note
-------+----------+-------------------------------------------
     0 | D:1      | tidbits the Gnoll Necromancer began the quest for the Orb.
     0 | D:1      | Reached XP level 1. HP: 13/13 MP: 6/6
   100 | D:2      | Reached XP level 2. HP: 11/19 MP: 3/7
   103 | D:2      | Learned a level 1 spell: Animate Skeleton
   423 | D:5      | Entered Level 5 of the Dungeon
   467 | D:4      | Reached skill level 5 in Spellcasting
   467 | D:4      | Reached XP level 3. HP: 7/25 MP: 2/9
   472 | D:4      | Learned a level 3 spell: Regeneration
   476 | D:4      | Learned a level 3 spell: Vampiric Draining
   534 | D:4      | Found a staircase to the Ecumenical Temple.
   561 | Temple   | Entered the Ecumenical Temple
   568 | Temple   | Became a worshipper of Cheibriados the Contemplative
   731 | D:5      | Reached skill level 1 in Fighting
   731 | D:5      | Reached skill level 1 in Short Blades
   731 | D:5      | Reached skill level 1 in Long Blades
   731 | D:5      | Reached skill level 1 in Axes
   731 | D:5      | Reached skill level 1 in Maces & Flails
   731 | D:5      | Reached skill level 1 in Polearms
   731 | D:5      | Reached skill level 1 in Staves
   731 | D:5      | Reached skill level 1 in Slings
   731 | D:5      | Reached skill level 1 in Bows
   731 | D:5      | Reached skill level 1 in Crossbows
   731 | D:5      | Reached skill level 1 in Throwing
   731 | D:5      | Reached skill level 1 in Armour
   731 | D:5      | Reached skill level 1 in Shields
   731 | D:5      | Reached skill level 1 in Unarmed Combat
   731 | D:5      | Reached skill level 1 in Invocations
   731 | D:5      | Reached skill level 1 in Evocations
   731 | D:5      | Reached XP level 4. HP: 19/32 MP: 11/11
   764 | D:5      | Noticed an ice beast
   827 | D:5      | Reached skill level 1 in Conjurations
   827 | D:5      | Reached skill level 1 in Hexes
   827 | D:5      | Reached skill level 1 in Charms
   827 | D:5      | Reached skill level 1 in Summonings
   827 | D:5      | Reached skill level 1 in Translocations
   827 | D:5      | Reached skill level 1 in Transmutations
   827 | D:5      | Reached skill level 1 in Fire Magic
   827 | D:5      | Reached skill level 1 in Ice Magic
   827 | D:5      | Reached skill level 1 in Air Magic
   827 | D:5      | Reached skill level 1 in Earth Magic
   827 | D:5      | Reached skill level 1 in Poison Magic
   827 | D:5      | Reached XP level 5. HP: 26/37 MP: 9/12
  1053 | D:5      | Noticed Duvessa
  1067 | D:5      | Noticed Dowan
  1073 | D:5      | Killed Duvessa
  1073 | D:5      | Reached skill level 2 in Invocations
  1073 | D:5      | Reached XP level 6. HP: 30/44 MP: 5/13
  1095 | D:5      | Killed Dowan
  1095 | D:5      | Reached skill level 2 in Fighting
  1095 | D:5      | Reached skill level 2 in Short Blades
  1095 | D:5      | Reached skill level 2 in Long Blades
  1095 | D:5      | Reached skill level 2 in Axes
  1095 | D:5      | Reached skill level 2 in Maces & Flails
  1095 | D:5      | Reached skill level 2 in Polearms
  1095 | D:5      | Reached skill level 2 in Staves
  1095 | D:5      | Reached skill level 2 in Slings
  1095 | D:5      | Reached skill level 2 in Bows
  1095 | D:5      | Reached skill level 2 in Crossbows
  1095 | D:5      | Reached skill level 2 in Throwing
  1095 | D:5      | Reached skill level 2 in Armour
  1095 | D:5      | Reached skill level 5 in Dodging
  1095 | D:5      | Reached skill level 2 in Shields
  1095 | D:5      | Reached skill level 2 in Unarmed Combat
  1095 | D:5      | Reached skill level 2 in Evocations
  1298 | D:8      | Noticed a hungry ghost
  1313 | D:8      | Noticed a death yak
  1321 | D:8      | Reached XP level 7. HP: 26/50 MP: 15/15
  1325 | D:8      | Killed a hungry ghost
  1325 | D:8      | Reached * piety under Cheibriados
  1358 | D:8      | Noticed a death yak
  1383 | D:7      | Learned a level 5 spell: Borgnjor's Vile Clutch
  1403 | D:7      | Reached skill level 2 in Conjurations
  1403 | D:7      | Reached skill level 2 in Hexes
  1403 | D:7      | Reached skill level 2 in Charms
  1403 | D:7      | Reached skill level 2 in Summonings
  1403 | D:7      | Reached skill level 2 in Translocations
  1403 | D:7      | Reached skill level 2 in Transmutations
  1403 | D:7      | Reached skill level 2 in Fire Magic
  1403 | D:7      | Reached skill level 2 in Ice Magic
  1403 | D:7      | Reached skill level 2 in Air Magic
  1403 | D:7      | Reached skill level 2 in Earth Magic
  1403 | D:7      | Reached skill level 2 in Poison Magic
  1551 | D:8      | Noticed a fire giant
  1552 | D:8      | Noticed a centaur warrior
  1562 | D:8      | Noticed a two-headed ogre
  1575 | D:9      | Reached skill level 5 in Stealth
  1609 | D:9      | Reached skill level 3 in Invocations
  1624 | D:9      | HP: 5/51 [wight/enchanted spear (3)]
  1625 | D:9      | Reached XP level 8. HP: 5/57 MP: 4/16
  1628 | D:9      | Slain by a hornet zombie

Skill      XL: |  1  2  3  4  5  6  7 |
---------------+----------------------+-----
Spellcasting   | 5 |  5.8
Fighting       | 1 2 |  2.8
Short Blades   | 1 2 |  2.8
Long Blades    | 1 2 |  2.8
Axes           | 1 2 |  2.8
Maces & Flails | 1 2 |  2.8
Polearms       | 1 2 |  2.8
Staves         | 1 2 |  2.8
Slings         | 1 2 |  2.8
Bows           | 1 2 |  2.8
Crossbows      | 1 2 |  2.8
Throwing       | 1 2 |  2.8
Armour         | 1 2 |  2.8
Shields        | 1 2 |  2.8
Unarmed Combat | 1 2 |  2.8
Invocations    | 1 2 3 |  3.1
Evocations     | 1 2 |  2.8
Conjurations   | 1 2 |  2.2
Hexes          | 1 2 |  2.2
Charms         | 1 2 |  2.2
Summonings     | 1 2 |  2.2
Translocations | 1 2 |  2.2
Transmutations | 1 2 |  2.2
Fire Magic     | 1 2 |  2.2
Ice Magic      | 1 2 |  2.2
Air Magic      | 1 2 |  2.2
Earth Magic    | 1 2 |  2.2
Poison Magic   | 1 2 |  2.2
Dodging        | 5 |  5.4
Stealth        | 5 |  5.1
Necromancy     | |  7.5

Action                   |  1- 3 |  4- 6 |  7- 9 || total
-------------------------+-------+-------+-------++-------
Melee: Mace              |     3 |    56 |    26 ||    85
       Bite              |     3 |    18 |     6 ||    27
       Short sword       |     1 |    23 |       ||    24
       Dagger            |    11 |     1 |     6 ||    18
       Quarterstaff      |       |    34 |       ||    34
       Punch             |       |     1 |       ||     1
Throw: Tomahawk          |       |     7 |       ||     7
       Stone             |       |     2 |       ||     2
 Cast: Pain              |    31 |     5 |       ||    36
       Animate Skeleton  |     2 |       |       ||     2
       Regeneration      |     1 |     8 |     5 ||    14
       Vampiric Draining |       |     2 |       ||     2
       Borgnjor's Vile C |       |       |     4 ||     4
  Use: Scroll            |     1 |     2 |     4 ||     7
       Potion            |     1 |     5 |     3 ||     9
 Stab: Invisible         |     2 |     3 |     1 ||     6
       Sleeping          |       |     2 |     4 ||     6
  Eat: Ration            |     2 |     2 |     1 ||     5
Armor: Robe              |     2 |    19 |    13 ||    34
       Skin              |       |    11 |       ||    11
Dodge: Dodged            |    20 |    80 |    21 ||   121

Table legend:
 A = Turns spent in this place as a percentage of turns spent in the entire game.
 B = Non-inter-level travel turns spent in this place as a percentage of non-inter-level travel turns spent in the entire game.
 C = Inter-level travel turns spent in this place as a percentage of turns spent in this place.
 D = Turns resting spent in this place as a percentage of non-inter-level travel turns spent in this place.
 E = Turns spent auto-exploring this place as a percentage of non-inter-level travel turns spent in this place.
 F = Non-inter-level travel turns spent in this place divided by the number of levels of this place that you've seen.
                   A       B       C       D       E      F
               +-------+-------+-------+-------+-------+----------------------
         Total | 100.0 | 100.0 |   1.2 |   0.0 |   0.0 | 160.9
       Dungeon |  99.1 |  99.1 |   1.2 |   0.0 |   0.0 | 177.1
        Temple |   0.9 |   0.9 |   0.0 |   0.0 |   0.0 |  15.0
               +-------+-------+-------+-------+-------+----------------------

Table legend:
 A = Kills in this place as a percentage of kills in entire the game.
 B = Kills by you in this place as a percentage of kills by you in the entire game.
 C = Kills by friends in this place as a percentage of kills by friends in the entire game.
 D = Other kills in this place as a percentage of other kills in the entire game.
 E = Experience gained in this place as a percentage of experience gained in the entire game.
 F = Experience gained in this place divided by the number of levels of this place that you have seen.
                   A       B       C       D       E      F
               +-------+-------+-------+-------+-------+----------------------
         Total | 100.0 | 100.0 | 100.0 |   N/A | 100.0 | 122.2
       Dungeon | 100.0 | 100.0 | 100.0 |   N/A | 100.0 | 135.8
               +-------+-------+-------+-------+-------+----------------------

Vault maps used:
D:1:      dpeg_arrival_stonehenge_8_columns
D:2:      minmay_tetromino_t4, uniq_natasha
D:4:      minmay_temple_entry_statues, first_ration
D:5:      uniq_duvessa
D:7:      basic_altar
D:8:      kennysheep_mini, dpeg_lair_monsters, serial_shops,
          kennysheep_mini_moat, minmay_evil_grid
D:9:      uniq_joseph
Temple:   compressed_dpeg_triangle_lava_temple
